 Dungeon Crawl Stone Soup version 0.18-b1-10-g3f7de93 (webtiles) character file.

59 Alarkh the Digger (level 3, -1/24 HPs)
             Began as a Mummy Earth Elementalist on Apr 30, 2016.
             Slain by a quasit (2 damage)
             ... on level 2 of the Dungeon.
             The game lasted 00:04:49 (2470 turns).

Alarkh the Digger (Mummy Earth Elementalist)        Turns: 2470, Time: 00:04:50

Health: -1/24      AC:  2    Str: 11      XL:     3   Next: 78%
Magic:  2/7        EV: 11    Int: 15      God:
Gold:   77         SH:  0    Dex:  4 (12) Spells: 3 memorised, 2 levels left

rFire  . . .     SeeInvis .     b - 177 stones
rCold  + + .     Gourm    .     h - +0 robe {rC+ rF+}
rNeg   + + +     Faith    .     (no shield)
rPois  ∞         Spirit   .     (no helmet)
rElec  .         Dismiss  .     (no cloak)
rCorr  .         Reflect  .     (no gloves)
SustAt .         Harm     .     (no boots)
MR     .....                    (no amulet)
Stlth  +.........               (no ring)
                                (no ring)

@: not resistant to hostile enchantments, very unstealthy
A: no food or potions, fire vulnerability, cold resistance 1, negative energy
resistance 3, torment resistance, unbreathing
a: no special abilities


You were on level 2 of the Dungeon.
You were not hungry.

You visited 1 branch of the dungeon, and saw 3 of its levels.

You collected 77 gold pieces.

Inventory:

Hand Weapons
 a - a +0 short sword
Missiles
 b - 177 stones (in hand)
Armour
 e - a +0 robe
 h - a +0 robe of resistance (worn)
Scrolls
 d - a scroll of noise
 f - 2 scrolls of immolation
 g - 2 scrolls of remove curse
 i - a scroll of identify
Books
 c - a book of Geomancy

   Spells                             Type                      Level
   a - Sandblast                      Earth                        1
   b - Passwall                       Transmutation/Earth          2
   c - Stone Arrow                    Conjuration/Earth            3
   d - Petrify                        Transmutation/Earth          4
   e - Lee's Rapid Deconstruction     Earth                        5


   Skills:
 - Level 1.5 Dodging
 - Level 1.5 Stealth
 + Level 3.0 Spellcasting
 - Level 0.7 Transmutations
 + Level 3.3 Earth Magic


You had 2 spell levels left.
You knew the following spells:

 Your Spells              Type           Power        Failure   Level  Hunger
a - Sandblast             Erth           ##....       6%          1    N/A
b - Passwall              Trmt/Erth      #.........   14%         2    N/A
e - Stone Arrow           Conj/Erth      #.....       34%         3    N/A

Dungeon Overview and Level Annotations

Branches:
Dungeon (3/15)

Altars:
Cheibriados
Fedhas
Trog
Vehumet
Zin
The Shining One


Innate Abilities, Weirdness & Mutations

You do not eat or drink.
Your flesh is vulnerable to fire.
You are immune to poison.
Your flesh is cold resistant.
You are immune to negative energy.
You are immune to unholy pain and torment.
You can survive without breathing.


Message History

The quasit barely misses you.
The quasit claws you but does no damage.
There is a stone staircase leading up here.
The quasit bites you.
* * * LOW HITPOINT WARNING * * *
The quasit barely misses you.
The quasit claws you but does no damage.
You climb upwards.
There is a stone staircase leading down here.
The quasit bites you but does no damage.
The quasit claws you but does no damage.
The quasit closely misses you.
The quasit bites you but does no damage.
The quasit closely misses you.
The quasit claws you but does no damage.
The quasit bites you.
* * * LOW HITPOINT WARNING * * *
You feel clumsy. The quasit barely misses you. The quasit claws you.
You die...

##################
#>................
#.######........##
#.######........##
#......'..)%....'.
#.######........##
#5# #......).# #@#
#........# #.#
#........# #.#
#......!.# #.#
#........# #.#
#........# #.#
#........# #.#
#........# #.#
########## #.#
########


You could see a quasit.

Vanquished Creatures
  A worm (D:2)
  2 dart slugs
  2 giant geckos (D:1)
  9 bats
  7 goblins (D:2)
  8 hobgoblins
  2 jackals (D:3)
  4 kobolds
  A ball python (D:2)
  5 giant newts
  7 rats
48 creatures vanquished.

Notes
Turn   | Place    | Note
--------------------------------------------------------------
     0 | D:1      | Alarkh the Mummy Earth Elementalist began the quest for the Orb.
     0 | D:1      | Reached XP level 1. HP: 13/13 MP: 3/3
   147 | D:1      | Reached XP level 2. HP: 19/19 MP: 3/5
   862 | D:2      | Reached XP level 3. HP: 21/24 MP: 0/7
   879 | D:2      | Found a blossoming altar of Fedhas.
  1108 | D:2      | Found a snail-covered altar of Cheibriados.
  1109 | D:2      | Found a glowing golden altar of the Shining One.
  1201 | D:2      | Found a glowing silver altar of Zin.
  1237 | D:2      | Found a bloodstained altar of Trog.
  1709 | D:1      | Learned a level 3 spell: Stone Arrow
  1712 | D:1      | Learned a level 2 spell: Passwall
  2262 | D:2      | Found a radiant altar of Vehumet.
  2470 | D:2      | HP: 1/24 [quasit (3)]
  2470 | D:2      | Slain by a quasit

Skill      XL: |  1  2  3 |
---------------+----------+-----
Earth Magic    | 3 |  3.3
Spellcasting   | 3 |  3.0
Dodging        | |  1.5
Stealth        | |  1.5
Transmutations | |  0.7

Action                   || total
-------------------------++-------
Melee: Short sword       ||    26
 Cast: Sandblast         ||   119
  Use: Scroll            ||     3
Armor: Robe              ||    42
Dodge: Dodged            ||   146
